 Dungeon Crawl Stone Soup version 0.21-a0 (webtiles) character file.

80 Kriby the Magician (level 4, -5/27 HPs)
             Began as an Octopode Wizard on May 19, 2017.
             Was an Initiate of Vehumet.
             Killed by divine providence
             ... invoked by an orc priest
              (13 damage)
             ... on level 2 of the Dungeon.
             The game lasted 00:03:14 (2698 turns).

Kriby the Magician (Octopode Wizard)                Turns: 2698, Time: 00:03:14

Health: -5/27      AC:  1    Str:  6    XL:     4   Next: 39%
Magic:  0/9        EV: 13    Int: 21    God:    Vehumet [......]
Gold:   113        SH:  0    Dex: 10    Spells: 5/10 levels left

rFire    . . .     SeeInvis .   y - +0 hunting sling
rCold    . . .     Gourm    .   (no shield)
rNeg     . . .     Faith    .   a - +0 hat
rPois    .         Spirit   .   (no amulet)
rElec    .         Reflect  .   (no ring)
rCorr    .         Harm     .   (no ring)
MR       .....                  (no ring)
Stlth    +++.......             (no ring)
Regen    0.1/turn               (no ring)
MPRegen  0.2/turn               (no ring)
                                (no ring)
                                (no ring)

@: very slightly contaminated
A: almost no armour, stealthy swim, amphibious, 8 rings, constrict 8, camouflage
1, gelatinous body 1
a: Renounce Religion


You were on level 2 of the Dungeon.
You worshipped Vehumet.
Vehumet was noncommittal.
You were not hungry.

You visited 1 branch of the dungeon, and saw 3 of its levels.

You collected 113 gold pieces.

Inventory:

Hand Weapons
 d - a +0 mace
 y - a +0 hunting sling (weapon)
Missiles
 g - 4 poisoned javelins
 z - 55 stones (quivered)
 A - 15 sling bullets
Armour
 a - a +0 hat (worn)
Scrolls
 f - a scroll of teleportation
 i - a scroll of remove curse
 j - a scroll of recharging
 l - 2 scrolls of identify
 m - 2 scrolls of fear {unknown}
 o - 2 scrolls of enchant armour {unknown}
 r - a scroll of blinking {unknown}
Potions
 x - a potion of heal wounds
Books
 b - a book of Minor Magic

   Spells                             Type                      Level
   a - Magic Dart                     Conjuration                  1
   b - Blink                          Translocation                2
   c - Call Imp                       Summoning                    2
   d - Slow                           Hexes                        2
   e - Conjure Flame                  Conjuration/Fire             3
   f - Mephitic Cloud                 Conjuration/Poison/Air       3
Comestibles
 c - a bread ration
 h - 3 fruits
 q - a royal jelly
 t - 2 meat rations


   Skills:
 - Level 2.0 Dodging
 - Level 2.6 Stealth
 + Level 3.5 Spellcasting
 * Level 3.4 Conjurations
 - Level 1.0 Summonings
 - Level 1.0 Translocations


You had 5 spell levels left.
You knew the following spells:

 Your Spells              Type           Power        Failure   Level  Hunger
a - Magic Dart            Conj           ###.         3%          1    None
c - Call Imp              Summ           #.......     13%         2    ##.....
T - Blink                 Tloc           N/A          13%         2    ##.....


Dungeon Overview and Level Annotations

Branches:
Dungeon (3/15)

Altars:
Vehumet
Xom


Innate Abilities, Weirdness & Mutations

You cannot wear most types of armour.
You are very stealthy in the water. (Stealth+)
You are amphibious.
You can wear up to eight rings at the same time.
You can use your tentacles to constrict eight enemies at once.
Your skin changes colour to match your surroundings (Stealth+).
Your rubbery body absorbs attacks. (AC +1, EV +1)


Message History

* * * LOW HITPOINT WARNING * * *
Your crimson imp blinks!
Casting: Magic Dart
Confirm with . or Enter, or press ? or * to list all spells.
Aiming: Magic Dart
Press: ? - help, Shift-Dir - straight line, f/p - orc priest
Aim: an orc priest, wielding a flail (moderately wounded)
The magic dart hits the orc priest.
The orc priest is heavily wounded.
The orc priest closely misses you.
Casting: Magic Dart
Confirm with . or Enter, or press ? or * to list all spells.
Aiming: Magic Dart
Press: ? - help, Shift-Dir - straight line, f/p - orc priest
Aim: an orc priest, wielding a flail (heavily wounded)
The magic dart hits the orc priest.
The orc priest is severely wounded.
The orc priest invokes the aid of Beogh against you.
Beogh smites you!
You die...

#.# #......##.#.# #.#
#......##.#.#
#.######......##.#.#
#.............##.#.#####
#########......##.#.....#
#..............##.#.....#
##.######55....##.#.....#
#.# #o#######.#.....##
#.# #@................
#.# #########.#.######
#.# #.#.#<.... #.#
###########.#.###### #.#
#........##.#.#..... #.#
#........##.#.#.#### #.#
#........##.#...# #.#
#........##.##.## #.#
#........####.#.##


You could see an orc priest and 2 friendly crimson imps.

Vanquished Creatures
  3 adders (D:2)
  2 dart slugs (D:2)
  A leopard gecko (D:2)
  A ball python (D:2)
  2 bats
  A giant cockroach (D:2)
  6 hobgoblins
  7 jackals
  3 frilled lizards
  5 goblins
  6 kobolds
  A rat (D:1)
38 creatures vanquished.

Vanquished Creatures (collateral kills)
  An adder (D:2)
1 creature vanquished.

Grand Total: 39 creatures vanquished

Notes
Turn   | Place    | Note
-------+----------+-------------------------------------------
     0 | D:1      | Kriby the Octopode Wizard began the quest for the Orb.
     0 | D:1      | Reached XP level 1. HP: 11/11 MP: 4/4
   260 | D:1      | Reached XP level 2. HP: 16/17 MP: 0/6
   879 | D:1      | Learned a level 2 spell: Blink
   882 | D:1      | Learned a level 2 spell: Call Imp
   987 | D:2      | Found a radiant altar of Vehumet.
   993 | D:2      | Reached XP level 3. HP: 19/21 MP: 1/7
   999 | D:2      | Became a worshipper of Vehumet
  1439 | D:2      | Reached XP level 4. HP: 22/27 MP: 5/9
  1498 | D:2      | Found a shimmering altar of Xom.
  2698 | D:2      | Killed from afar by an orc priest

Vault maps used:
D:1:      saegor_arrival_simple_b
D:2:      marbit_many_paths, nicolae_overflow_crystal_walls
D:3:      lemuel_doored_altar, okawaru_gym_becter

Skill      XL: |  1  2  3 |
---------------+----------+-----
Conjurations   | 2 3 |  3.4
Dodging        | |  2.0
Stealth        | |  2.6
Spellcasting   | |  3.5
Summonings     | |  1.0
Translocations | |  1.0

Action                   |  1- 3 |  4- 6 || total
-------------------------+-------+-------++-------
Melee: Mace              |     3 |       ||     3
       Constrict         |     1 |       ||     1
       Tentacles         |     1 |       ||     1
 Fire: Hunting sling     |       |     3 ||     3
Throw: Javelin           |     1 |       ||     1
 Cast: Magic Dart        |    59 |    32 ||    91
       Call Imp          |       |     3 ||     3
  Use: Potion            |       |     8 ||     8
       Scroll            |       |     4 ||     4
  Eat: Chunk             |     1 |     4 ||     5
Armor: Skin              |     2 |       ||     2
Dodge: Dodged            |     9 |     4 ||    13
